EL
NEW HAMPSHIRE FISHER CATS @ MONTGOMERY BISCUITS
06/12/2048
 
TOP OF THE 1ST
New Hampshire Fisher Cats batting - Pitching for Montgomery Biscuits : RHP Ken Vandercook
Pitching: RHP Ken Vandercook
Batting: RHB Kai Stoyle 0-0: Called Strike
0-1: Ball
1-1: Called Strike
1-2: Strikes out looking
Batting: RHB Stephen Casteel 0-0: Ball
1-0: Swinging Strike
1-1: Ball
2-1: Ball
3-1: Foul Ball, location: 2F
3-2: Foul Ball, location: 2F
3-2: Ground out U3 (Groundball, 3, EV 85.6 MPH)
Batting: RHB Bill Murray 0-0: Called Strike
0-1: Fly out, F8 (Flyball, 8LM, EV 83.8 MPH)
Top of the 1st over - 0 runs, 0 hits, 0 errors, 0 left on base; New Hampshire 0 - Montgomery 0
BOTTOM OF THE 1ST
Montgomery Biscuits batting - Pitching for New Hampshire Fisher Cats : LHP Steve Taylor
Pitching: LHP Steve Taylor
Batting: LHB Darryl Gonnella 0-0: Ball
1-0: Ball
2-0: Called Strike
2-1: Foul Ball, location: 2F
2-2: Foul Ball, location: 2F
2-2: Ground out 5-3 (Groundball, 5S, EV 67.5 MPH)
Batting: RHB Chris Thorson 0-0: Swinging Strike
0-1: Ground out 6-3 (Groundball, 6, EV 83.1 MPH)
Batting: RHB Alex Diaz 0-0: Ball
1-0: Ball
2-0: Ball
3-0: Called Strike
3-1: Swinging Strike
3-2: Strikes out swinging
Bottom of the 1st over - 0 runs, 0 hits, 0 errors, 0 left on base; New Hampshire 0 - Montgomery 0
TOP OF THE 2ND
New Hampshire Fisher Cats batting - Pitching for Montgomery Biscuits : RHP Ken Vandercook
Batting: RHB Justin Geiger 0-0: Called Strike
0-1: Fly out, F7 (Flyball, 7, EV 95.6 MPH)
Batting: LHB Kurt Estep 0-0: Ball
1-0: Ground out U3 (Groundball, 3, EV 110.0 MPH)
Batting: RHB Chris Martin 0-0: Foul Ball, location: 2F
0-1: Foul Ball, location: 2F
0-2: Foul Ball, location: 2F
0-2: Foul Ball, location: 2F
0-2: Ball
1-2: Strikes out swinging
Top of the 2nd over - 0 runs, 0 hits, 0 errors, 0 left on base; New Hampshire 0 - Montgomery 0
BOTTOM OF THE 2ND
Montgomery Biscuits batting - Pitching for New Hampshire Fisher Cats : LHP Steve Taylor
Batting: LHB Eric Toney 0-0: Called Strike
0-1: Foul Ball, location: 2F
0-2: Ball
1-2: SOLO HOME RUN (Flyball, 89XD, EV 103.8 MPH), Distance : 415 ft
Batting: RHB Nelle Lommen 0-0: Called Strike
0-1: Ball
1-1: Called Strike
1-2: Foul Ball, location: 2F
1-2: Ground out 6-3 (Groundball, 6, EV 83.8 MPH)
Batting: SHB Julio Hernandez 0-0: Ball
1-0: DOUBLE (Flyball, 9LD, EV 98.8 MPH)
Batting: RHB John Downing 0-0: Ball
1-0: Ball
2-0: Ball
3-0: Called Strike
3-1: Ground out 4-3 (Groundball, 4, EV 92.5 MPH)
Julio Hernandez to third
Batting: LHB Danny Hull 0-0: Foul Ball, location: 2F
0-1: Ball
1-1: Ball
2-1: Fly out, F8 (Line Drive, 8LD, EV 97.5 MPH)
Bottom of the 2nd over - 1 run, 2 hits, 0 errors, 1 left on base; New Hampshire 0 - Montgomery 1
TOP OF THE 3RD
New Hampshire Fisher Cats batting - Pitching for Montgomery Biscuits : RHP Ken Vandercook
Batting: RHB Tokuji Kawabata 0-0: Called Strike
0-1: Ball
1-1: Foul Ball, location: 2F
1-2: Reached on error, E3 (Groundball, 34S, EV 78.1 MPH)
Batting: RHB Ben Zeiler 0-0: Ball
1-0: Ball
2-0: Called Strike
2-1: Foul Ball, location: 2F
2-2: Ground out 5-3 (Groundball, 56S, EV 76.2 MPH)
Tokuji Kawabata to second
Batting: RHB Justin Powell 0-0: Called Strike
Tokuji Kawabata steals 3rd base
0-1: Ball
1-1: Ball
2-1: Ground out 5-3 (Groundball, 56, EV 85.6 MPH)
Tokuji Kawabata scores
Batting: RHB Kai Stoyle 0-0: Called Strike
0-1: Ball
1-1: Hit by Pitch
Batting: RHB Stephen Casteel 0-0: Ball
1-0: Called Strike
Kai Stoyle is caught stealing 2nd base 2-4
Top of the 3rd over - 1 run, 0 hits, 1 error, 0 left on base; New Hampshire 1 - Montgomery 1
BOTTOM OF THE 3RD
Montgomery Biscuits batting - Pitching for New Hampshire Fisher Cats : LHP Steve Taylor
Batting: RHB Roberto Aispuro 0-0: Called Strike
0-1: SINGLE (Groundball, 56D, EV 98.8 MPH)
Batting: LHB Darryl Gonnella 0-0: Ball
1-0: Foul Ball, location: 2F
1-1: Ball
2-1: Fielders Choice at 2nd, 4-6 (Groundball, 4, EV 105.6 MPH)
Batting: RHB Chris Thorson 0-0: Called Strike
Darryl Gonnella is caught stealing 2nd base 2-4
0-1: Ball
1-1: Foul Ball, location: 2F
1-2: Fly out, F7 (Line Drive, 7, EV 84.4 MPH)
Bottom of the 3rd over - 0 runs, 1 hit, 0 errors, 0 left on base; New Hampshire 1 - Montgomery 1
TOP OF THE 4TH
New Hampshire Fisher Cats batting - Pitching for Montgomery Biscuits : RHP Ken Vandercook
Batting: RHB Stephen Casteel 0-0: Ball
1-0: Foul Ball, location: 2F
1-1: Fly out, F6 (Line Drive, 6MD, EV 61.2 MPH)
Batting: RHB Bill Murray 0-0: Swinging Strike
0-1: Swinging Strike
0-2: Hit by Pitch
Batting: RHB Justin Geiger 0-0: Called Strike
0-1: Ball
1-1: Ball
2-1: Fly out, F9 (Line Drive, 9D, EV 90.0 MPH)
Batting: LHB Kurt Estep 0-0: Ball
1-0: Swinging Strike
Bill Murray is caught stealing 2nd base 2-6
Top of the 4th over - 0 runs, 0 hits, 0 errors, 0 left on base; New Hampshire 1 - Montgomery 1
BOTTOM OF THE 4TH
Montgomery Biscuits batting - Pitching for New Hampshire Fisher Cats : LHP Steve Taylor
Batting: RHB Alex Diaz 0-0: Called Strike
0-1: Called Strike
0-2: Foul Ball, location: 2F
0-2: Strikes out swinging
Batting: LHB Eric Toney 0-0: Fly out, F7 (Line Drive, 78M, EV 108.1 MPH)
Batting: RHB Nelle Lommen 0-0: Ball
1-0: Ball
2-0: SINGLE (Flyball, 6MD, EV 91.9 MPH) - OUT at second base trying to stretch hit.
Bottom of the 4th over - 0 runs, 1 hit, 0 errors, 0 left on base; New Hampshire 1 - Montgomery 1
TOP OF THE 5TH
New Hampshire Fisher Cats batting - Pitching for Montgomery Biscuits : RHP Ken Vandercook
Batting: LHB Kurt Estep 0-0: Called Strike
0-1: Ball
1-1: Ball
2-1: Called Strike
2-2: Ball
3-2: Foul Ball, location: 2F
3-2: Foul Ball, location: 2F
3-2: Foul Ball, location: 2F
3-2: Foul Ball, location: 2F
3-2: SINGLE (Groundball, 34D, EV 99.4 MPH)
Batting: RHB Chris Martin 0-0: Ball
Kurt Estep steals 2nd base (no throw)
1-0: Ball
2-0: Called Strike
2-1: Ball
3-1: Fly out, F2 (Popup, 23F, EV 82.5 MPH)
Batting: RHB Tokuji Kawabata 0-0: 2-RUN HOME RUN (Flyball, 7LD, EV 90.6 MPH), Distance : 341 ft
Batting: RHB Ben Zeiler 0-0: Ball
1-0: Foul Ball, location: 2F
1-1: Ball
2-1: Foul Ball, location: 2F
2-2: Fly out, F8 (Flyball, 8LM, EV 84.4 MPH)
Batting: RHB Justin Powell 0-0: Swinging Strike
0-1: Ball
1-1: Called Strike
1-2: Ball
2-2: Ball
3-2: Strikes out swinging
Top of the 5th over - 2 runs, 2 hits, 0 errors, 0 left on base; New Hampshire 3 - Montgomery 1
BOTTOM OF THE 5TH
Montgomery Biscuits batting - Pitching for New Hampshire Fisher Cats : LHP Steve Taylor
Batting: SHB Julio Hernandez 0-0: Called Strike
0-1: Ball
1-1: Foul Ball, location: 2F
1-2: Ball
2-2: Foul Ball, location: 2F
2-2: Ball
3-2: Strikes out swinging
Batting: RHB John Downing 0-0: Called Strike
0-1: Ball
1-1: Swinging Strike
1-2: Ball
2-2: Fly out, F8 (Flyball, 8RD, EV 83.8 MPH)
Batting: LHB Danny Hull 0-0: Swinging Strike
0-1: Called Strike
0-2: Ball
1-2: Strikes out swinging
Bottom of the 5th over - 0 runs, 0 hits, 0 errors, 0 left on base; New Hampshire 3 - Montgomery 1
TOP OF THE 6TH
New Hampshire Fisher Cats batting - Pitching for Montgomery Biscuits : RHP Ken Vandercook
Batting: RHB Kai Stoyle 0-0: Swinging Strike
0-1: Ball
1-1: Called Strike
1-2: Ball
2-2: Strikes out swinging
Batting: RHB Stephen Casteel 0-0: Called Strike
0-1: Swinging Strike
0-2: Strikes out swinging
Batting: RHB Bill Murray 0-0: Called Strike
0-1: Ball
1-1: Swinging Strike
1-2: Ball
2-2: SINGLE (Flyball, 34D, EV 87.5 MPH)
Batting: RHB Justin Geiger 0-0: Ball
1-0: Ball
2-0: SINGLE (Groundball, 6MD, EV 99.4 MPH)
Bill Murray to second
Pitching: RHP Jaime Astacio
Batting: LHB Kurt Estep 0-0: Ball
1-0: Foul Ball, location: 2F
1-1: Ball
2-1: Foul Ball, location: 2F
2-2: Ground out U3 (Groundball, 13, EV 83.1 MPH)
Top of the 6th over - 0 runs, 2 hits, 0 errors, 2 left on base; New Hampshire 3 - Montgomery 1
BOTTOM OF THE 6TH
Montgomery Biscuits batting - Pitching for New Hampshire Fisher Cats : LHP Steve Taylor
Batting: RHB Roberto Aispuro 0-0: DOUBLE (Groundball, 5L, EV 98.1 MPH)
Batting: LHB Darryl Gonnella 0-0: Called Strike
0-1: Ball
1-1: Ball
2-1: Ball
3-1: Foul Ball, location: 2F
3-2: Base on Balls
Batting: RHB Chris Thorson 0-0: Fly out, F9 (Flyball, 89M, EV 94.4 MPH)
Batting: RHB Alex Diaz 0-0: Ball
1-0: Ball
2-0: Called Strike
2-1: Ball
3-1: Base on Balls
Roberto Aispuro to third
Darryl Gonnella to second
Batting: LHB Eric Toney 0-0: Ball
1-0: GRAND SLAM HOME RUN (Flyball, 89XD, EV 105.0 MPH), Distance : 397 ft
Pitching: RHP Bryan Mattis
Batting: RHB Nelle Lommen 0-0: Fly out, F9 (Flyball, 89S, EV 90.0 MPH)
Batting: SHB Julio Hernandez 0-0: DOUBLE (Groundball, 5L, EV 102.5 MPH)
Batting: RHB John Downing 0-0: Called Strike
0-1: Ball
1-1: Swinging Strike
1-2: Strikes out looking
Bottom of the 6th over - 4 runs, 3 hits, 0 errors, 1 left on base; New Hampshire 3 - Montgomery 5
TOP OF THE 7TH
New Hampshire Fisher Cats batting - Pitching for Montgomery Biscuits : RHP Jaime Astacio
Batting: RHB Chris Martin 0-0: Called Strike
0-1: Fly out, F7 (Flyball, 7, EV 86.9 MPH)
Batting: RHB Tokuji Kawabata 0-0: Ball
1-0: Ball
2-0: Ball
3-0: Called Strike
3-1: Foul Ball, location: 2F
3-2: Base on Balls
Batting: RHB Ben Zeiler 0-0: Called Strike
0-1: Foul Ball, location: 2F
0-2: Strikes out swinging
Batting: RHB Justin Powell 0-0: Foul Ball, location: 2F
0-1: Ball
1-1: Ball
2-1: Swinging Strike
2-2: Ground out 5-3 (Groundball, 56, EV 108.1 MPH)
Top of the 7th over - 0 runs, 0 hits, 0 errors, 1 left on base; New Hampshire 3 - Montgomery 5
BOTTOM OF THE 7TH
Montgomery Biscuits batting - Pitching for New Hampshire Fisher Cats : RHP Bryan Mattis
Batting: LHB Danny Hull 0-0: Ball
1-0: Ball
2-0: Called Strike
2-1: Ground out 4-3 (Groundball, 4, EV 103.1 MPH)
Batting: RHB Roberto Aispuro 0-0: Foul Ball, location: 2F
0-1: Ground out 4-3 (Groundball, 4MS, EV 71.9 MPH)
Batting: LHB Darryl Gonnella 0-0: Ball
1-0: Fly out, F7 (Line Drive, 78S, EV 86.9 MPH)
Bottom of the 7th over - 0 runs, 0 hits, 0 errors, 0 left on base; New Hampshire 3 - Montgomery 5
TOP OF THE 8TH
New Hampshire Fisher Cats batting - Pitching for Montgomery Biscuits : RHP Jaime Astacio
Batting: RHB Kai Stoyle 0-0: Called Strike
0-1: Ball
1-1: Foul Ball, location: 2F
1-2: Ball
2-2: Ball
3-2: Foul Ball, location: 2F
3-2: Base on Balls
Pinch Hitting: LHB Eddie Muniz 0-0: Swinging Strike
0-1: Grounds into double play, 4-6-3 (Groundball, 4, EV 81.2 MPH)
Batting: RHB Bill Murray 0-0: Ground out 5-3 (Groundball, 56, EV 87.5 MPH)
Top of the 8th over - 0 runs, 0 hits, 0 errors, 0 left on base; New Hampshire 3 - Montgomery 5
BOTTOM OF THE 8TH
Montgomery Biscuits batting - Pitching for New Hampshire Fisher Cats : RHP Bryan Mattis
Now at 2B: Kirk Seiffert
Batting: RHB Chris Thorson 0-0: Called Strike
0-1: Foul Ball, location: 2F
0-2: Strikes out swinging
Batting: RHB Alex Diaz 0-0: Ball
1-0: Ball
2-0: Foul Ball, location: 2F
2-1: Called Strike
2-2: Strikes out looking
Batting: LHB Eric Toney 0-0: Called Strike
0-1: Ball
1-1: Ball
2-1: Ball
3-1: Called Strike
3-2: Foul Ball, location: 2F
3-2: Fly out, F7 (Flyball, 7, EV 71.9 MPH)
Bottom of the 8th over - 0 runs, 0 hits, 0 errors, 0 left on base; New Hampshire 3 - Montgomery 5
TOP OF THE 9TH
New Hampshire Fisher Cats batting - Pitching for Montgomery Biscuits : RHP Jaime Astacio
Pitching: RHP Josh McMahan
Now at C: Alex Diaz
Now at 2B: Danny Hull
Now at 3B: Khalil Walker
Batting: RHB Justin Geiger 0-0: Ground out 6-3 (Groundball, 6D, EV 100.0 MPH)
Batting: LHB Kurt Estep 0-0: Called Strike
0-1: Ball
1-1: Foul Ball, location: 2F
1-2: Strikes out swinging
Batting: RHB Chris Martin 0-0: Ball
1-0: Foul Ball, location: 2F
1-1: Foul Ball, location: 2F
1-2: Ball
2-2: Ground out 6-3 (Groundball, 56, EV 102.5 MPH)
Top of the 9th over - 0 runs, 0 hits, 0 errors, 0 left on base; New Hampshire 3 - Montgomery 5
Tuesday, March 28th , 2023 - OOTP Baseball 23.10 Build 110